Map: 亚历山大港 - 天梯版

Players

Demi

  • Race: Zerg Zerg
  • League: Diamond

puCK (Nina) - Winner!

  • Race: Protoss Protoss

Event: WESG 2018 Grand Finals

VOD

Have the link to the VOD?

Description

Time

  • Played on: March 11, 2019, 5:04 a.m.
  • Length: 11:17

All games in this series

Show
View Real Time Build Order
Export as new Build Order

Demi Zerg 

Build Orders: Pool First 

Get SALT Encoding   

  12  0:01  Drone  
  13  0:12  Overlord  
  13  0:18  Drone  
  14  0:31  Drone x2  
  16  0:47  Drone x2  
  16  0:49  Spawning Pool  
  17  0:54  Extractor  
  16  1:10  Drone  
  18  1:11  Drone  
  18  1:34  Hatchery  
  18  1:36  Zergling x4  
  19  1:43  Queen  
  21  1:50  Overlord  
  21  1:56  Metabolic Boost  
  21  2:03  Drone  
  22  2:12  Drone x2  
  24  2:19  Queen  
  24  2:22  Drone  
  27  2:43  Hatchery  
  26  2:48  Zergling x4  
  26  2:50  Zergling x2  
  29  2:55  Drone  
  30  2:59  Drone x2  
  32  3:09  Overlord  
  32  3:11  Drone  
  32  3:12  Drone  
  34  3:17  Queen  
  35  3:29  Drone x2  
  35  3:32  Overlord  
  37  3:38  Drone x3  
  40  3:42  Drone  
  40  3:43  Drone  
  40  3:44  Drone x2  
  44  3:52  Overlord  
  44  4:00  Roach Warren  
  44  4:01  Drone x3  
  46  4:07  Drone x3  
  49  4:14  Drone x3  
  52  4:24  Extractor  
  52  4:25  Drone x2, Extractor  
  52  4:30  Lair  
  52  4:31  Drone x2  
  52  4:32  Drone  
  55  4:39  Overlord  
  55  4:41  Overlord  
  55  4:52  Roach x3  
  59  5:00  Roach x2, Zergling x2  
  59  5:01  Zergling x10  
  59  5:06  Overlord x2  
  69  5:09  Zergling x8  
  69  5:10  Zergling x4  
  74  5:15  Overlord  
  74  5:22  Drone x2  
  74  5:24  Overlord x2  
  76  5:29  Glial Reconstitution  
  76  5:31  Overlord  
  76  5:37  Zergling x2  
  76  5:38  Zergling x8  
  76  5:40  Ravager x3  
  83  5:44  Drone x2  
  83  5:45  Overseer  
  83  5:48  Zergling x10  
  90  5:52  Roach x2  
  92  6:00  Roach x2, Zergling x2  
  86  6:11  Roach  
  86  6:12  Roach, Zergling x2  
  85  6:18  Roach  
  85  6:19  Roach x2, Zergling x10  
  85  6:20  Zergling x2  
  85  6:23  Ravager  
  93  6:31  Zergling x2  
  94  6:35  Overlord  
  91  6:42  Roach, Zergling x4  
  91  6:43  Ravager  
  86  6:47  Roach x2  
  86  6:52  Ravager  
  86  6:53  Roach  
  90  6:58  Roach  
  90  6:59  Roach, Zergling x4  
  90  7:00  Zergling x10  
  96  7:09  Overlord x2  
  96  7:13  Roach  
  97  7:22  Roach x3  
  94  7:27  Roach x5, Zergling x4  
  93  7:39  Extractor  
  93  7:40  Drone x4  
  93  7:41  Drone  
  95  7:47  Roach x2  
  95  7:48  Extractor x2  
  95  7:50  Ravager  
  89  7:59  Zergling x2  
  89  8:00  Zergling x2  
  91  8:08  Zergling x4, Hatchery  
  91  8:09  Zergling x10  
  97  8:18  Drone  
  98  8:24  Drone  
  98  8:26  Spire  
  98  8:31  Drone  
  98  8:32  Queen, Drone  
  101  8:42  Drone x5  
  101  8:45  Extractor  
  101  8:46  Extractor  
  101  8:47  Drone x2  
  106  8:52  Drone  
  106  9:12  Overlord x2  
  104  9:31  Hatchery  
  103  9:38  Mutalisk  
  103  9:39  Mutalisk x8  
  103  9:41  Overseer  
  103  9:43  Zergling x12  
  127  9:57  Roach  
  127  9:58  Roach x6  
  141  10:07  Hydralisk Den  
  141  10:08  Overlord x2  
  141  10:13  Roach  
  150  10:14  Roach x4, Zergling x2  
  150  10:27  Roach  
  150  10:28  Roach x3  
  135  10:35  Roach x4  
  88  10:43  Roach x5  
  90  10:52  Roach x2  
  86  11:05  Ravager  
Show
View Real Time Build Order
Export as new Build Order

puCK Protoss - Winner!

Build Orders: 1 Gate Expand, Phoenix Opening 

Get SALT Encoding   

  12  0:00  Probe  
  13  0:13  Probe  
  14  0:20  Pylon  
  14  0:25  Probe  
  15  0:38  Probe  
  16  0:43  Gateway  
  16  0:50  Probe  
  16  0:56  Pylon  
  17  1:03  Probe  
  18  1:05  Assimilator  
  18  1:12  Pylon  
  18  1:15  Probe  
  19  1:27  Probe  
  19  1:31  Pylon  
  20  1:41  Nexus  
  20  1:50  Cybernetics Core  
  20  1:52  Probe  
  21  2:02  Pylon  
  21  2:07  Zealot  
  22  2:11  Assimilator  
  22  2:20  Probe  
  24  2:32  Probe  
  24  2:33  Adept  
  27  2:44  Probe  
  27  2:48  Robotics Facility  
  28  2:52  Probe  
  28  2:53  Probe  
  28  2:54  Warp Gate  
  30  3:00  Probe  
  30  3:01  Probe  
  32  3:09  Probe  
  32  3:10  Sentry, Gateway  
  32  3:15  Probe  
  36  3:21  Probe  
  35  3:27  Probe  
  35  3:28  Shield Battery  
  35  3:33  Probe, Immortal  
  37  3:44  Probe  
  37  3:45  Probe  
  43  3:51  Sentry  
  43  3:52  Pylon  
  45  3:56  Probe, Phoenix  
  46  4:09  Pylon, Immortal  
  46  4:10  Pylon, Probe x2  
  48  4:23  Probe x2  
  54  4:26  Gateway  
  54  4:31  Gateway  
  54  4:36  Gateway  
  54  4:38  Probe  
  55  4:39  Probe  
  55  4:44  Sentry x2  
  55  4:45  Warp Prism  
  60  4:49  Gateway  
  62  5:10  Nexus  
  62  5:13  Pylon  
  62  5:14  Sentry  
  64  5:16  Assimilator  
  64  5:19  Probe, Assimilator  
  65  5:24  Sentry  
  65  5:26  Pylon  
  65  5:27  Zealot  
  69  5:30  Probe  
  69  5:31  Zealot  
  69  5:34  Zealot  
  74  5:37  Probe  
  74  5:39  Observer  
  74  5:40  Zealot  
  77  5:45  Probe  
  77  5:48  Zealot x2  
  83  5:50  Sentry  
  85  5:59  Zealot  
  81  6:12  Zealot  
  81  6:13  Zealot x2  
  81  6:14  Probe  
  82  6:19  Zealot x2  
  82  6:22  Sentry  
  82  6:25  Probe  
  85  6:26  Probe, Immortal  
  90  6:33  Zealot x3  
  92  6:43  Zealot x2  
  92  6:46  Sentry  
  90  6:47  Probe  
  90  6:48  Probe  
  92  6:59  Zealot x3  
  92  7:01  Probe  
  97  7:05  Zealot x2  
  97  7:07  Probe  
  100  7:11  Robotics Bay  
  98  7:18  Zealot  
  98  7:21  Zealot x2  
  98  7:26  Zealot x3  
  94  7:30  Immortal  
  90  7:40  Probe x3  
  89  7:45  Zealot x2  
  89  7:46  Zealot  
  91  7:52  Probe x2  
  91  7:53  Probe  
  91  7:54  Phoenix  
  94  8:09  Twilight Council  
  94  8:11  Pylon, Assimilator  
  94  8:12  Pylon, Zealot  
  96  8:13  Assimilator  
  96  8:22  Colossus  
  96  8:26  Pylon x2  
  96  8:27  Extended Thermal Lance  
  96  8:28  Shield Battery  
  96  8:32  Twilight Council  
  102  8:34  Probe  
  102  8:35  Probe  
  102  8:40  Zealot  
  106  8:45  Observer  
  106  8:46  Probe  
  107  8:52  Zealot x4  
  107  8:53  Stargate  
  116  8:59  Gateway, Charge  
  116  9:02  Gateway  
  115  9:03  Blink  
  115  9:12  Templar Archives  
  115  9:17  Zealot  
  117  9:26  Zealot x2  
  117  9:27  Stargate  
  117  9:30  Pylon, Phoenix  
  121  9:33  Zealot  
  121  9:34  Zealot  
  127  9:43  Zealot x2  
  131  9:46  Pylon  
  131  9:48  High Templar x2  
  131  9:52  Archon  
  135  9:54  Phoenix  
  137  10:01  Pylon  
  137  10:05  High Templar x2  
  141  10:09  Archon  
  141  10:10  High Templar  
  141  10:11  High Templar  
  145  10:16  Archon  
  145  10:19  Shield Battery  
  118  10:29  Phoenix  
  106  10:37  Phoenix  
  106  10:42  Probe  
  105  10:45  Probe, Phoenix  
  105  10:47  Zealot x8  
  112  11:09  Nexus  
  107  11:11  Pylon  
  107  11:14  Pylon  
Tags
 
Add a new tag
Caveats
  • Supply blocks, unpowered buildings, or Contaminate may cause inaccurate times.
  • Supply counts are checked every 10 seconds.